 Dungeon Crawl Stone Soup version 0.31.0-32-g396128a36d (webtiles) character file.

Game seed: 4943718810226220168

130 Jinxx the Grasshopper (level 5, -1/61 HPs)
             Began as a Barachi Warper on Apr 5, 2024.
             Slain by a gnoll
             ... wielding a +0 falchion
              (10 damage)
             ... on level 3 of the Dungeon.
             The game lasted 00:07:09 (2763 turns).

Jinxx the Grasshopper (Barachi Warper)              Turns: 2763, Time: 00:07:09

Health: -1/61      AC:  4    Str: 12    XL:     5   Next: 13%
Magic:  8/8        EV: 12    Int: 16    God:
Gold:   80         SH:  0    Dex: 11    Spells: 3/9 levels left

rFire   + . .        a - +0 falchion
rCold   . . .        (no shield)
rNeg    . . .        b - +0 leather armour
rPois   .            (no helmet)
rElec   .            (no cloak)
rCorr   .            l - +0 pair of gloves
SInv    .            (no boots)
Will    .....        p - amulet of magic regeneration Stlth
                     e - ring of protection from fire
HPRegen 0.30/turn    (no ring)
MPRegen 0.51/turn

%: no passive effects
@: berserking, unable to hop, on blink cooldown, quick
A: amphibious, slowness 1, strong legs 1, +LOS
a: Hop


You were on level 3 of the Dungeon.
You visited 1 branch of the dungeon, and saw 3 of its levels.

You collected 80 gold pieces.

Inventory:

Hand Weapons
 a - a +0 falchion (weapon)
 k - a +0 great sword
Missiles
 d - 7 darts of dispersal (quivered)
Armour
 b - a +0 leather armour (worn)
 l - a +0 pair of gloves (worn)
Jewellery
 e - a ring of protection from fire (left hand)
 p - an amulet of magic regeneration (around neck)
Scrolls
 c - 2 scrolls of blinking
 f - 3 scrolls of vulnerability {unknown}
 h - 4 scrolls of teleportation {unknown}
 n - a scroll of fear {unknown}
 o - a scroll of amnesia {unknown}
 r - a scroll of identify {unknown}
Potions
 g - a potion of attraction {unknown}
 i - 2 potions of berserk rage
 j - 2 potions of heal wounds {unknown}
 m - 2 potions of magic {unknown}
 q - 2 potions of ambrosia {unknown}
 s - a potion of degeneration {unknown}


   Skills:
 * Level 3.5 Fighting
 * Level 3.8 Long Blades
 + Level 1.0 Throwing
 * Level 1.9 Armour
 * Level 2.9 Dodging
 * Level 2.6 Spellcasting
 * Level 4.0 Translocations
 * Level 0.1 Air Magic


You had 3 spell levels left.
You knew the following spells:

 Your Spells              Type           Power      Damage    Failure   Level
a - Blink                 Tloc           28%        N/A       7%          2
b - Vhi's Electric Charg  Tloc/Air       16%        N/A       71%         4

Your spell library contained the following spells:

 Spells                   Type           Power      Damage    Failure   Level
 Lesser Beckoning         Tloc           28%        N/A       7%          2
 Teleport Other           Tloc           14%        N/A       14%         3
 Inner Flame              Hex/Fire       2%         N/A       58%         3
 Manifold Assault         Tloc           14%        N/A       43%         4
 Flame Wave               Conj/Fire      2%         2d4       94%         4
 Sticky Flame             Fire/Alch      2%         2d4       94%         4


Dungeon Overview and Level Annotations

Branches:
Dungeon (3/15)

Altars:


Innate Abilities, Weirdness & Mutations

You are amphibious.
You cover ground slowly.
You can hop short distances.
You have an extended range of vision and can be seen from far away.


Message History

Confirm with . or Enter, or press ? or * to list all spells.
You miscast Blink.
You are very lightly contaminated with residual magic.
Nothing appears to happen.
The gnoll completely misses you.
The gnoll hits you from afar with a +2 vampiric spear.
Casting: Blink (safe; 7% risk of failure)
Confirm with . or Enter, or press ? or * to list all spells.
You blink.
You feel ready to blink again.
Your magical contamination has completely faded away.
Okay, then.
Okay, then.
Casting: Blink (safe; 7% risk of failure)
Confirm with . or Enter, or press ? or * to list all spells.
You blink.
The gnoll hits you with a +2 vampiric spear.
The gnoll hits you with a +0 falchion.
Casting: Blink (safe; 7% risk of failure)
Confirm with . or Enter, or press ? or * to list all spells.
Okay, then.
You hit the gnoll but do no damage. The gnoll completely misses you.
The gnoll hits you with a +0 falchion.
* * * LOW HITPOINT WARNING * * *
You hit the gnoll.
The gnoll is moderately wounded.
The gnoll barely misses you. The gnoll misses you.
Okay, then.
It was a potion of berserk rage.
A red film seems to cover your vision as you go berserk!
You feel yourself moving faster!
You feel mighty!
The gnoll hits you with a +2 vampiric spear.
* * * LOW HITPOINT WARNING * * *
The gnoll barely misses you.
Unknown command.
You barely miss the gnoll.
The gnoll is moderately wounded.
The gnoll hits you with a +2 vampiric spear.
* * * LOW HITPOINT WARNING * * *
The gnoll hits you with a +0 falchion!
You die...

## #.# #.# ### ##
#.######## ##.## #.#
##g......###...##
#.###@######........#
#.#g## #####...##
#.## ##.## ### #.#
#.# ##.###.# #.#
##...##.# ### #g#
##.....#<# ###.###
#.#
#........###..#..##
##g#
##.....##....###..#
#..#


You could see 2 gnolls.

Vanquished Creatures
  An iguana (D:3)
  A gnoll (D:3)
  3 adders (D:3)
  A ribbon worm (D:2)
  2 dart slugs
  6 endoplasms
  2 giant cockroaches (D:1)
  2 goblins (D:1)
  6 hobgoblins
  11 jackals
  3 kobolds
  4 quokkas
  4 ball pythons
  5 bats
  2 frilled lizards
  5 rats
58 creatures vanquished.

Notes
Turn   | Place    | Note
-------+----------+-------------------------------------------
     0 | D:1      | Jinxx the Barachi Warper began the quest for the Orb.
     0 | D:1      | Reached XP level 1. HP: 17/17 MP: 3/3
   137 | D:1      | Found a faded altar of an unknown god.
   175 | D:1      | Reached XP level 2. HP: 19/23 MP: 5/5
   463 | D:1      | Reached XP level 3. HP: 28/28 MP: 6/6
   473 | D:1      | Learned a level 2 spell: Blink
  1989 | D:3      | Reached XP level 4. HP: 33/34 MP: 7/7
  2007 | D:3      | Reached skill level 4 in Translocations
  2379 | D:3      | Learned a level 4 spell: Vhi's Electric Charge
  2609 | D:3      | Reached XP level 5. HP: 16/41 MP: 6/8
  2763 | D:3      | Slain by a gnoll

Illustrated notes

Levels and vault maps discovered:
D:1:      kilobyte_arrival_exit_the_forest, layout_basic,
          ebering_ecumenical_altar_hall, nicolae_kite_square_tiling_tiny,
          hangedman_decor_peaks_small
D:2:      layout_basic
D:3:      layout_loops_cross, minmay_distorted, uniq_grinder

Skill      XL: |  1  2  3  4 |
---------------+-------------+-----
Long Blades    | 3 |  3.8
Fighting       | 3 |  3.5
Translocations | 4 |  4.0
Throwing       | |  1.0
Armour         | |  1.9
Dodging        | |  2.9
Spellcasting   | |  2.6
Air Magic      | |  0.1

Action                     |  1- 3 |  4- 6 || total
---------------------------+-------+-------++-------
  Melee: Falchion          |   132 |    87 ||   219
         Punch             |       |     1 ||     1
   Cast: Blink             |       |     4 ||     4
Ability: Hop               |       |     2 ||     2
    Use: Potion            |       |     1 ||     1
 Armour: Leather armour    |    92 |    61 ||   153
  Dodge: Dodged            |   103 |    58 ||   161
